 Dungeon Crawl Stone Soup version 0.28.0-53-g5a82cb258f (console) character file.

Game seed: 6893842519354754908

1178 Banquo the Chopper (level 8, -8/54 HPs)
             Began as an Octopode Fighter on July 29, 2022.
             Mangled by an ice beast (11 damage)
             ... on level 6 of the Dungeon.
             The game lasted 00:17:58 (7721 turns).

Banquo the Chopper (Octopode Fighter)               Turns: 7721, Time: 00:17:58

Health: -8/54      AC:  1    Str: 15    XL:     8   Next: 41%
Magic:  8/8        EV: 14    Int: 11    God:
Gold:   216        SH:  6    Dex: 13    Spells: 7/7 levels left

rFire   . . .      SeeInvis .   a - +1 war axe
rCold   . . .      Faith    .   b - +1 buckler
rNeg    . . .      Spirit   .   (helmet restricted)
rPois   .          Reflect  .   (no amulet)
rElec   .          Harm     .   (no ring)
rCorr   .          Rampage  .   (no ring)
Will    .....                   (no ring)
Stlth   ++++......              (no ring)
HPRegen 0.18/turn               (no ring)
MPRegen 0.11/turn               (no ring)
                                (no ring)
                                (no ring)

@: no status effects
A: almost no armour, amphibious, 8 rings, camouflage 1, gelatinous body 1,
(nimble swimmer 1), tentacles
a: no special abilities


You were on level 6 of the Dungeon.
You visited 1 branch of the dungeon, and saw 6 of its levels.
You also visited: Sewer.

You collected 216 gold pieces.

Inventory:

Hand Weapons
 a - a +1 war axe (weapon)
 i - a +0 hunting sling
 s - a +0 spear
 t - a +0 flail of holy wrath
 y - a +0 trident
 B - a +0 vampiric spear
Missiles
 e - 6 atropa-tipped darts
 h - 127 stones (quivered)
 o - 7 poisoned darts
 p - 2 boomerangs
Armour
 b - a +1 buckler (worn)
Magical Staves
 C - a staff of poison
Wands
 w - a wand of iceblast (10)
Scrolls
 k - 2 scrolls of teleportation
 l - 2 scrolls of noise
 m - 2 scrolls of magic mapping
 q - 2 scrolls of amnesia
 r - 3 scrolls of identify
Potions
 c - 2 potions of might
 d - 6 potions of curing {unknown}
 f - 2 potions of berserk rage
 g - a potion of lignification
 j - a potion of heal wounds
 u - a potion of magic {unknown}
 v - 3 potions of brilliance
 x - a potion of mutation
 z - a potion of cancellation
 A - a potion of ambrosia


   Skills:
 * Level 4.8 Fighting
 * Level 7.5 Axes
 * Level 4.2 Dodging
 + Level 4.1 Stealth
 * Level 4.2 Shields


You had 7 spell levels left.
You didn't know any spells.
Your spell library contained the following spells:

 Spells                   Type           Power      Damage    Failure   Level
 Beastly Appendage        Tmut           0%         N/A       41%         1
 Wereblood                Tmut           0%         N/A       56%         2
 Spider Form              Tmut/Pois      0%         N/A       80%         3


Dungeon Overview and Level Annotations

Branches:
Dungeon (6/15)              Sewer (visited)
 Temple: D:4-7

Altars:
The Shining One


Innate Abilities, Weirdness & Mutations

You cannot wear most types of armour.
You are amphibious.
You can wear up to eight rings at the same time.
Your skin changes colour to match your surroundings (Stealth+).
Your rubbery body absorbs attacks. (AC +1, EV +1)
((You are camouflaged when in or above water. (Stealth+)))
You have tentacles for arms and can constrict up to eight enemies at once.


Message History

HP restored.
As you read the scroll labelled WIXEAH BAZETS, it crumbles to dust.
You assume a fearsome visage.
Nothing appears to happen.
It was a scroll of fear.
You see here an adder corpse.
r - 3 scrolls of identify (gained 1)
m - 2 scrolls of magic mapping (gained 1)
Found 19 bolts.
You see here 19 bolts.
You see here 19 bolts.
Found 16 bolts.
You see here 16 bolts.
An ice beast comes into view.
The helpless ice beast fails to defend itself.
You slash the ice beast!
The ice beast is moderately wounded.
The ice beast hits you. The ice beast freezes you!
You slash the ice beast! You squeeze the ice beast.
The ice beast is severely wounded.
The ice beast hits you. The ice beast freezes you!
The ice beast closely misses you.
You closely miss the ice beast.
You squeeze the ice beast, but do no damage.
The ice beast is severely wounded.
The ice beast hits you. The ice beast freezes you!
You barely miss the ice beast. Your squeeze misses the ice beast.
The ice beast is severely wounded.
The ice beast barely misses you.
You barely miss the ice beast.
The ice beast is severely wounded.
The ice beast hits you.
* * * LOW HITPOINT WARNING * * *
The ice beast freezes you!
* * * LOW HITPOINT WARNING * * *
You hit the ice beast.
The ice beast is almost dead.
You block the ice beast's attack. The ice beast hits you.
* * * LOW HITPOINT WARNING * * *
The ice beast freezes you!
You die...

....# #.# .. .##.# #.#
#.# .##.# ##.###.#####
.##.#######...#...#...
.##.................#
.##########...#...####.
.# ##........... (#
####...######
.######### ##@.......
.......... #Y.######
.......... ...#
..######## ...## #.#
##### ..# ###


You could see an ice beast.

Vanquished Creatures
  A yak (D:5)
  An ice beast (D:5)
  2 ogres
  A centaur zombie (D:5)
  A gnoll shaman (D:5)
  3 jellies
  4 orc priests
  A hound (D:4)
  Natasha (thrice) (D:4)
  An orc wizard (D:5)
  A hell rat (Sewer)
  A hound skeleton (D:4)
  A howler monkey zombie (D:5)
  Robin (D:4)
  11 gnolls
  9 adders
  A shadow imp (D:5)
  A white imp (D:5)
  2 adder skeletons (D:4)
  2 worms
  8 orcs
  4 ball pythons
  6 endoplasms
  11 goblins
  11 hobgoblins
  8 jackals (D:1)
  13 kobolds
  3 quokkas
  3 bats
  3 frilled lizards
  11 rats
129 creatures vanquished.

Notes
Turn   | Place    | Note
-------+----------+-------------------------------------------
     0 | D:1      | Banquo the Octopode Fighter began the quest for the Orb.
     0 | D:1      | Reached XP level 1. HP: 16/16 MP: 1/1
   294 | D:1      | Reached XP level 2. HP: 19/21 MP: 2/2
   622 | D:1      | Found a faded altar of an unknown god.
   778 | D:1      | Reached XP level 3. HP: 26/26 MP: 3/3
  1507 | D:2      | You fall into a shaft and drop 1 floor!
  1522 | D:3      | Reached skill level 3 in Axes
  1522 | D:3      | Reached skill level 1 in Stealth
  1522 | D:3      | Reached XP level 4. HP: 31/31 MP: 4/4
  1726 | D:3      | Found a faded altar of an unknown god.
  1731 | D:3      | Found a glowing golden altar of the Shining One.
  1952 | D:2      | Reached XP level 5. HP: 27/36 MP: 5/5
  2624 | D:4      | Noticed Robin
  2634 | D:4      | Killed Robin
  2635 | D:4      | Reached skill level 4 in Axes
  2842 | D:4      | Noticed Natasha
  2849 | D:4      | Killed Natasha
  2850 | D:4      | Reached XP level 6. HP: 23/42 MP: 6/6
  3039 | D:4      | Noticed Natasha
  3046 | D:4      | Killed Natasha
  3053 | D:4      | Reached skill level 5 in Axes
  3105 | D:4      | Found a glowing drain.
  3244 | Sewer    | Entered a sewer
  3512 | D:4      | Noticed Natasha
  3602 | D:4      | Killed Natasha
  4277 | D:4      | Reached XP level 7. HP: 20/48 MP: 7/7
  4532 | D:5      | Entered Level 5 of the Dungeon
  5335 | D:5      | Reached skill level 6 in Axes
  5887 | D:5      | Reached XP level 8. HP: 39/54 MP: 8/8
  6509 | D:5      | Reached skill level 7 in Axes
  7110 | D:6      | Noticed a yak
  7110 | D:6      | Noticed a yak
  7110 | D:6      | Noticed a yak
  7491 | D:6      | Noticed a yak
  7491 | D:6      | Noticed a yak
  7500 | D:5      | Killed a yak
  7721 | D:6      | Mangled by an ice beast

Illustrated notes

Levels and vault maps discovered:
D:1:      dpeg_arrival_fog, layout_basic, ebering_ecumenical_altar_abandoned
D:2:      layout_basic
D:3:      layout_rooms, nicolae_overflow_ecumenical_swirl,
          minmay_goblin_kobold_house
D:4:      layout_basic, portal_sewer_entry_d, uniq_natasha, uniq_robin
D:5:      layout_cave_pods, hex_tiny
D:6:      layout_loops_ring

Skill      XL: |  1  2  3  4  5  6  7  8 |
---------------+-------------------------+-----
Axes           | 3 4 5 6 7 |  7.5
Stealth        | 1 2 3 4 |  4.1
Fighting       | 4 |  4.8
Dodging        | 4 |  4.2
Shields        | 4 |  4.2

Action                   |  1- 3 |  4- 6 |  7- 9 || total
-------------------------+-------+-------+-------++-------
Melee: War axe           |    62 |   121 |    83 ||   266
       Constrict         |    11 |    28 |    17 ||    56
       Tentacles         |    12 |    25 |    17 ||    54
       Punch             |     1 |       |     2 ||     3
Evoke: Wand              |       |     1 |       ||     1
  Use: Scroll            |       |       |    18 ||    18
 Stab: Sleeping          |     9 |     5 |     2 ||    16
       Distracted        |       |       |     2 ||     2
Armor: Skin              |     5 |     2 |     1 ||     8
Dodge: Dodged            |    39 |    56 |    40 ||   135
Block: Buckler           |     8 |    29 |    19 ||    56
